 Dungeon Crawl Stone Soup version 0.29-a0-1023-g6ae1a4a2c7 (webtiles) character file.

Game seed: 828408849073569903

188 BritishOli the Slasher (level 5, 0/41 HPs)
             Began as a Demonspawn Gladiator on Aug 11, 2022.
             Slain by a hobgoblin (4 damage)
             ... led by Robin
             ... on level 4 of the Dungeon.
             The game lasted 00:03:49 (3488 turns).

BritishOli the Slasher (Demonspawn Gladiator)       Turns: 3488, Time: 00:03:50

Health: 0/41       AC:  5    Str: 17    XL:     5   Next: 39%
Magic:  5/5        EV: 17    Int:  9    God:
Gold:   205        SH:  0    Dex: 14    Spells: 4/4 levels left

rFire   . . .      SeeInvis .   a - +0 long sword
rCold   . . .      Faith    .   (no shield)
rNeg    + . .      Spirit   .   b - +0 leather armour
rPois   .          Reflect  .   (helmet restricted)
rElec   .          Harm     .   (no cloak)
rCorr   .          Rampage  .   (no gloves)
Will    .....                   (no boots)
Stlth   +.........              (no amulet)
HPRegen 0.13/turn               m - +4 ring of evasion
MPRegen 0.09/turn               q - ring of positive energy

@: no status effects
A: horns 1, molten scales 1
a: no special abilities


You were on level 4 of the Dungeon.
You visited 1 branch of the dungeon, and saw 4 of its levels.

You collected 205 gold pieces.

Inventory:

Hand Weapons
 a - a +0 long sword (weapon)
 y - a +4 vampiric trident
Missiles
 d - 3 throwing nets (quivered)
 e - a javelin
Armour
 b - a +0 leather armour (worn)
 c - a +0 helmet
Jewellery
 m - a +4 ring of evasion (left hand)
 q - a ring of positive energy (right hand)
 x - a ring of ice
Scrolls
 f - 2 scrolls of butterflies {unknown}
 h - 2 scrolls of teleportation {unknown}
 k - a scroll of amnesia {unknown}
 l - 3 scrolls of identify {unknown}
 o - a scroll of poison {unknown}
 r - a scroll of vulnerability {unknown}
 t - a scroll of immolation {unknown}
 u - 2 scrolls of summoning {unknown}
 w - a scroll of magic mapping {unknown}
Potions
 g - 2 potions of flight {unknown}
 i - a potion of degeneration {unknown}
 j - a potion of lignification {unknown}
 n - 3 potions of heal wounds {unknown}
 p - a potion of brilliance {unknown}
 s - a potion of curing {unknown}
 v - a potion of berserk rage {unknown}


   Skills:
 + Level 3.3 Fighting
 + Level 3.6 Long Blades
 + Level 2.9 Throwing
 + Level 0.1 Armour
 + Level 3.6 Dodging


You had 4 spell levels left.
You didn't know any spells.
Your spell library contained the following spells:

 Spells                   Type           Power      Damage    Failure   Level
 Malign Gateway           Summ/Tloc      0%         N/A       100%        7
 Summon Horrible Things   Summ           0%         N/A       100%        8


Dungeon Overview and Level Annotations

Branches:
Dungeon (4/15)
 Temple: D:4-7

Altars:

Annotations:
D:4 Robin


Innate Abilities, Weirdness & Mutations

You have a pair of small horns on your head.
You are partially covered in molten scales. (AC +2)


Message History

Robin roars a battlecry!
The goblin goes into a battle-frenzy!
The goblin hits you with a +0 dagger. The goblin hits you but does no damage.
The goblin shouts!
You completely miss the goblin. You headbutt the goblin.
You kill the goblin!
Robin is no longer moving quickly.
Robin hits you from afar with a +0 spear.
The goblin misses you.
You hit the goblin.
The goblin is severely wounded.
Robin hits you from afar with a +0 spear.
The hobgoblin misses you. The goblin barely misses you.
You closely miss the goblin. You headbutt the goblin.
You kill the goblin!
Robin flexes a bicep menacingly.
Robin throws the goblin at you! The goblin barely misses you.
The hobgoblin misses you.
You slash the goblin!
You kill the goblin!
Robin throws the goblin at you! The goblin hits you with a +0 dagger.
* * * LOW HITPOINT WARNING * * *
The hobgoblin hits you.
* * * LOW HITPOINT WARNING * * *
The goblin barely misses you. The hobgoblin closely misses you.
You barely miss the goblin.
The hobgoblin no longer looks unusually strong. x2
A scorpion comes into view.
Robin closely misses you. The goblin misses you. The hobgoblin hits you.
* * * LOW HITPOINT WARNING * * *
Sorry, you're not good enough to have a special ability.
There are monsters nearby!
You aren't carrying any items that you can evoke.
Unknown command.
You hit the goblin.
You kill the goblin!
Robin throws the goblin at you! The goblin hits you with a +0 dagger.
* * * LOW HITPOINT WARNING * * *
The hobgoblin hits you.
You die...

#.#####<#..# #.#....... #.#..#
##.#....... #.#..# ##..........
..##.########...~♣......
####.##.......♣~~~......
#.##.#####..♣~~...... #.##.#
##..~P...... #.##g# ##.#.......
########.##@# #.#.......
.........##g#######.###.....
############.#ggg...............
##..##..## #.#.g#######.##......
#....g...## #.)..# #.......#...#
.........g###...#####.##.#.......
.....g.ggg.##s.........#.#..###.#
#.g..>†..#......#####.)......##.#
#........####...#####..#.#.......


You could see a scorpion, Robin, 3 hobgoblins and 2 goblins.

Vanquished Creatures
  A scorpion (D:3)
  An orc wizard (D:3)
  3 adders
  2 dart slugs
  5 orcs
  5 endoplasms
  3 giant cockroaches
  11 goblins
  4 hobgoblins
  7 jackals
  14 kobolds
  A quokka (D:1)
  3 ball pythons
  6 bats
  A frilled lizard (D:2)
  2 rats (D:3)
69 creatures vanquished.

Vanquished Creatures (others)
  14 plants (D:1)
14 creatures vanquished.

Grand Total: 83 creatures vanquished

Notes
Turn   | Place    | Note
-------+----------+-------------------------------------------
     0 | D:1      | BritishOli the Demonspawn Gladiator began the quest for the
                  | Orb.
     0 | D:1      | Reached XP level 1. HP: 16/16 MP: 1/1
   311 | D:1      | Gained mutation: You are partially covered in molten
                  | scales. (AC +2) [demonic ancestry]
   311 | D:1      | Reached XP level 2. HP: 14/22 MP: 2/2
   876 | D:2      | Reached XP level 3. HP: 22/28 MP: 3/3
  1743 | D:3      | Noticed a scorpion
  1760 | D:3      | Killed a scorpion
  1761 | D:3      | Gained mutation: You have a pair of small horns on your
                  | head. [demonic ancestry]
  1761 | D:3      | Reached XP level 4. HP: 3/34 MP: 4/4
  2924 | D:4      | Reached XP level 5. HP: 38/41 MP: 5/5
  3454 | D:4      | Noticed Robin
  3488 | D:4      | Slain by a hobgoblin

Illustrated notes

Levels and vault maps discovered:
D:1:      spicycebolla_arrival_clurvy, layout_rooms, minmay_split_cup_large
D:2:      layout_loops_corners, kennysheep_crisscross
D:3:      layout_loops_ring
D:4:      minmay_goblin_kobold_castle, layout_loops_ring,
          minmay_temple_entry_enclosed_plants, st_stairs_5, serial_bayou_pond_d,
          uniq_robin

Skill      XL: |  1  2  3  4 |
---------------+-------------+-----
Throwing       | 2 |  2.9
Long Blades    | 3 |  3.6
Dodging        | 3 |  3.6
Fighting       | 3 |  3.3
Armour         | |  0.1

Action                   |  1- 3 |  4- 6 || total
-------------------------+-------+-------++-------
Melee: Long sword        |   100 |   109 ||   209
       Headbutt          |       |     8 ||     8
       Punch             |       |     3 ||     3
  Use: Potion            |       |     1 ||     1
Armor: Leather armour    |    61 |    36 ||    97
Dodge: Dodged            |   139 |   105 ||   244

Table legend: (Time is in decaauts)
 A = Elapsed time spent in this place.
 B = Non-inter-level travel time spent in this place.
 C = Inter-level travel time spent in this place.
 D = Time resting spent in this place.
 E = Time spent auto-exploring this place.
 F = Levels seen in this place.
 G = Mean time per level.
                   A        B        C        D        E       F      G
               +--------+--------+--------+--------+--------+-----+--------+
         Total |   3539 |   3433 |    106 |    686 |   2209 |   4 |  884.8 |
       Dungeon |   3539 |   3433 |    106 |    686 |   2209 |   4 |  884.8 |
               +--------+--------+--------+--------+--------+-----+--------+

Top non-repeatable levels by time:
     D:2: 1452 daAuts
     D:3: 991 daAuts
     D:1: 550 daAuts
     D:4: 545 daAuts
